[Event "Team 45 45 League T97"]
[Site "Internet Chess Club"]
[Date "2023.09.08"]
[Round "5"]
[White "Packerfan"]
[Black "Alec-hine"]
[Result "0-1"]
[WhiteElo "1719"]
[BlackElo "1947"]
[Opening "French defense, Steiner variation"]
[ECO "A13"]
[Time "15:00:44"]
[PlyCount "118"]
[TimeControl "2700+45"]

1. c4 e6 2. e4 d5 3. exd5 exd5 4. d4 Nf6 5. Nc3 Bb4 6. Nf3 O-O 7. Be2 Nc6 8. O-O
dxc4 9. Bxc4 Bg4 10. Be3 Rb8 11. a3 Ba5 12. Be2 Bb6 13. Qa4 Bxf3 14. Bxf3 Nxd4
15. Bxd4 Qxd4 16. Rad1 Qxa4 17. Nxa4 c6 18. Nxb6 axb6 19. Rfe1 Rfe8 20. Kf1 g5
21. h3 b5 22. g4 h6 23. Rd4 Rbd8 24. Rxe8+ Rxe8 25. Rb4 Ra8 26. Ke2 Kf8 27. Kd3
Ke7 28. Kc3 Kd6 29. Rd4+ Kc7 30. Kb3 Nd7 31. Kc2 Re8 32. Re4 Rxe4 33. Bxe4 Kd6
34. Bf5 Nb6 35. Kb3 Nd5 36. a4 bxa4+ 37. Kxa4 Nf4 38. Ka5 Kc7 39. Kb4 Nxh3 40.
f3 Nf4 41. Kc5 h5 42. gxh5 Nxh5 43. Kd4 Kd6 44. Bc8 b6 45. Ke4 Ng3+ 46. Kd4 c5+
47. Kc4 Ne2 48. b4 cxb4 49. Kxb4 Nd4 50. Bg4 f5 51. Bh5 Ke5 52. Kc4 b5+ 53. Kc5
b4 54. Kxb4 Kf4 55. Kc4 Nxf3 56. Kd3 Kg3 57. Ke2 g4 58. Kf1 Kh2 59. Ke2 Ne5
{White resigns} 0-1

[Event "Team 45 45 League T97"]
[Site "Internet Chess Club"]
[Date "2023.09.09"]
[Round "5"]
[White "timcent"]
[Black "ivanson"]
[Result "1-0"]
[WhiteElo "1922"]
[BlackElo "1594"]
[Opening "King's Indian: Sämisch, 5...O-O"]
[ECO "E81"]
[Time "15:00:45"]
[PlyCount "45"]
[TimeControl "2700+45"]

1. d4 Nf6 2. c4 g6 3. f3 Bg7 4. e4 d6 5. Nc3 O-O 6. Be3 c5 7. Nge2 cxd4 8. Nxd4
Nc6 9. Qd2 a6 10. Be2 Bd7 11. g4 h5 12. h3 Rb8 13. Nd5 hxg4 14. hxg4 Nxd4 15.
Bxd4 b5 16. Nxf6+ exf6 17. O-O-O bxc4 18. Rh3 Re8 19. Bc3 Bb5 20. Rdh1 Kf8 21.
Rh7 d5 22. Rxg7 dxe4 23. Bb4+ {Black resigns} 1-0

[Event "Team 45 45 League T97"]
[Site "Internet Chess Club"]
[Date "2023.09.09"]
[Round "5"]
[White "justice02"]
[Black "DaveTheRook"]
[Result "1-0"]
[WhiteElo "1665"]
[BlackElo "1449"]
[Opening "Robatsch defense: Geller's system"]
[ECO "B06"]
[Time "15:00:51"]
[PlyCount "47"]
[TimeControl "2700+45"]

1. e4 g6 2. Nf3 Bg7 3. d4 d6 4. c3 Nf6 5. Nbd2 Nbd7 6. Bc4 O-O 7. O-O c6 8. Bb3
e5 9. Re1 b5 10. Nf1 h6 11. Ng3 Qc7 12. Nh4 Nb6 13. Nxg6 Re8 14. Nh5 Bg4 15.
Nxf6+ Bxf6 16. Qxg4 Kh7 17. Qh5 Bg7 18. Nh4 Nc4 19. Nf5 Re6 20. a4 exd4 21. cxd4
Rg6 22. Bc2 d5 23. e5 Re6 24. Nxh6+ {Black resigns} 1-0

[Event "Team 45 45 League T97"]
[Site "Internet Chess Club"]
[Date "2023.09.10"]
[Round "5"]
[White "seattleblues"]
[Black "RD1974"]
[Result "0-1"]
[WhiteElo "1362"]
[BlackElo "1611"]
[Opening "French: exchange variation"]
[ECO "C01"]
[Time "20:00:20"]
[PlyCount "80"]
[TimeControl "2700+45"]

1. d4 e6 2. e4 d5 3. exd5 exd5 4. Nc3 c6 5. Nf3 Bg4 6. Qe2+ Be7 7. h3 Be6 8. Bf4
Nf6 9. Qd3 O-O 10. Be2 Nbd7 11. O-O Re8 12. Nd1 Nb6 13. Ne3 Ne4 14. b3 f5 15.
Ne5 Bg5 16. Bh2 Nd7 17. f3 Nxe5 18. Bxe5 Nd6 19. f4 Bf6 20. Bf3 Ne4 21. Bxe4
dxe4 22. Qd2 Bxe5 23. fxe5 Qg5 24. Qf2 g6 25. Rae1 Rad8 26. c3 Rf8 27. Qf4 Qe7
28. Qf2 b5 29. Nc2 a5 30. Qd2 c5 31. Qc1 Qa7 32. Rd1 Qc7 33. Qe3 a4 34. b4 Bxa2
35. bxc5 Bb3 36. Rc1 Ra8 37. Na3 Qa5 38. Rfd1 b4 39. cxb4 Qxb4 40. Nc4 Bxd1
{White resigns} 0-1

[Event "Team 45 45 League T97"]
[Site "Internet Chess Club"]
[Date "2023.09.09"]
[Round "5"]
[White "Portola"]
[Black "VictorRed"]
[Result "1-0"]
[WhiteElo "1714"]
[BlackElo "1667"]
[Opening "Queen's pawn game"]
[ECO "D02"]
[Time "15:28:35"]
[PlyCount "83"]
[TimeControl "2700+45"]

1. d4 d5 2. Nf3 g6 3. c3 Bg7 4. Bg5 Nf6 5. Nbd2 O-O 6. e3 Bg4 7. Be2 Bf5 8. O-O
Nbd7 9. c4 c6 10. cxd5 cxd5 11. Qb3 b6 12. Ba6 Ne4 13. Nxe4 dxe4 14. Nd2 Nf6 15.
Nb1 Be6 16. Qa3 h6 17. Bxf6 Bxf6 18. Bb7 Rb8 19. Bxe4 a5 20. Qd3 Bg7 21. Nd2 f5
22. Bf3 b5 23. Rfc1 Bf7 24. Bd1 e5 25. Bb3 exd4 26. Bxf7+ Rxf7 27. e4 f4 28. Rc6
Rf6 29. Rac1 Rxc6 30. Rxc6 g5 31. Qb3+ Kh8 32. Qe6 a4 33. Qf5 d3 34. h4 gxh4 35.
Qxf4 Rb6 36. Rc5 Bxb2 37. Rd5 Qe7 38. Rxd3 Be5 39. Qf5 Rb8 40. Rd7 Rf8 41. Rxe7
Rxf5 42. exf5 {Black resigns} 1-0

[Event "Team 45 45 League T97"]
[Site "Internet Chess Club"]
[Date "2023.09.11"]
[Round "5"]
[White "burlap"]
[Black "THE-WARRIOR"]
[Result "0-1"]
[WhiteElo "1361"]
[BlackElo "1593"]
[Opening "Queen's pawn, Mason variation"]
[ECO "D00"]
[Time "20:00:16"]
[PlyCount "42"]
[TimeControl "2700+45"]

1. d4 d5 2. Bf4 Bf5 3. e3 Nf6 4. h3 h6 5. Nd2 e6 6. Ngf3 Nbd7 7. Be2 Bd6 8. Bh2
O-O 9. O-O Re8 10. Bxd6 cxd6 11. Re1 e5 12. dxe5 dxe5 13. Bd3 e4 14. Nd4 Bxh3
15. gxh3 exd3 16. cxd3 Ne5 17. N2f3 Qd7 18. Nxe5 Rxe5 19. Nf3 Rh5 20. Ne5 Qxh3
21. Nf3 Qh1# {White checkmated} 0-1

[Event "Team 45 45 League T97"]
[Site "Internet Chess Club"]
[Date "2023.09.09"]
[Round "5"]
[White "primerpaso"]
[Black "MrAbendroth"]
[Result "1-0"]
[WhiteElo "1772"]
[BlackElo "1634"]
[Opening "English: Bremen, Smyslov system"]
[ECO "A22"]
[Time "14:09:11"]
[PlyCount "73"]
[TimeControl "2700+45"]

1. c4 e5 2. Nc3 Nf6 3. g3 Bb4 4. Bg2 Nc6 5. Nd5 Bc5 6. e3 h6 7. Ne2 a5 8. O-O
O-O 9. b3 Re8 10. Bb2 d6 11. d4 exd4 12. Nxd4 Bxd4 13. exd4 Nxd5 14. Bxd5 Bh3
15. Qh5 Qd7 16. Bxf7+ Qxf7 17. Qxh3 Re2 18. Rab1 Rf8 19. f4 Qe7 20. g4 Re8 21.
d5 Nb4 22. f5 Re3 23. Rf3 Qe4 24. Rbf1 Qd3 25. f6 Rxf3 26. Qxf3 Qxf3 27. Rxf3
gxf6 28. Rxf6 Nd3 29. Bc3 b6 30. Rxh6 Nf4 31. Rh8+ Kf7 32. Rxe8 Kxe8 33. Kf2 Kf7
34. Kf3 Nd3 35. Ke3 Nc1 36. Bd2 Nxa2 37. h4 {Black resigns} 1-0

[Event "Team 45 45 League T97"]
[Site "Internet Chess Club"]
[Date "2023.09.09"]
[Round "5"]
[White "LoseOften"]
[Black "fishhead"]
[Result "0-1"]
[WhiteElo "1577"]
[BlackElo "1708"]
[Opening "Sicilian: Najdorf, 7...Be7 main line"]
[ECO "B99"]
[Time "14:00:35"]
[PlyCount "54"]
[TimeControl "2700+45"]

1. e4 c5 2. Nf3 d6 3. d4 cxd4 4. Nxd4 Nf6 5. Nc3 a6 6. Bg5 e6 7. f4 Be7 8. Qf3
Qc7 9. O-O-O Nbd7 10. g4 h6 11. Bxf6 gxf6 12. h4 b5 13. Bg2 b4 14. e5 bxc3 15.
Qxa8 cxb2+ 16. Kb1 fxe5 17. fxe5 Nxe5 18. Nc6 Bf6 19. g5 Bg7 20. gxh6 Rxh6 21.
Rxd6 Nc4 22. Rd3 Rg6 23. Rhd1 Bf6 24. Rd8+ Bxd8 25. Rxd8+ Qxd8 26. Nxd8 Kxd8 27.
Qe4 Nd2+ {White resigns} 0-1

[Event "Team 45 45 League T97"]
[Site "Internet Chess Club"]
[Date "2023.09.09"]
[Round "5"]
[White "zethhon"]
[Black "Egmont"]
[Result "1-0"]
[WhiteElo "1509"]
[BlackElo "1557"]
[Opening "Queen's pawn, Mason variation"]
[ECO "D00"]
[Time "02:04:14"]
[PlyCount "57"]
[TimeControl "2700+45"]

1. d4 d5 2. Bf4 e6 3. e3 Bd6 4. Qg4 Qf6 5. Bg5 Qg6 6. Bd3 f5 7. Qh4 h6 8. Nf3
Nd7 9. Nbd2 Qh7 10. Bf4 Bxf4 11. Qxf4 c6 12. Qd6 Qg6 13. c4 Qf7 14. cxd5 exd5
15. Nh4 Ne7 16. O-O Qf6 17. Qxf6 Nxf6 18. Nhf3 Be6 19. Nb3 Nd7 20. Rac1 O-O 21.
Na5 Rab8 22. b4 a6 23. a4 Nb6 24. b5 Nxa4 25. bxc6 b5 26. Ne5 Nb2 27. Be2 Nc4
28. Nb3 Rfd8 29. c7 {Black resigns} 1-0

[Event "Team 45 45 League T97"]
[Site "Internet Chess Club"]
[Date "2023.09.11"]
[Round "5"]
[White "Alec-hine"]
[Black "Portola"]
[Result "1-0"]
[WhiteElo "1954"]
[BlackElo "1707"]
[Opening "QGD: Orthodox defense, Botvinnik variation"]
[ECO "D60"]
[Time "16:02:27"]
[PlyCount "99"]
[TimeControl "2700+45"]

1. d4 d5 2. c4 e6 3. Nf3 Nf6 4. Nc3 Be7 5. Bg5 Nbd7 6. e3 O-O 7. Bd3 dxc4 8.
Bxc4 Nb6 9. Bd3 Nfd5 10. Bxe7 Qxe7 11. O-O Nxc3 12. bxc3 Nd5 13. c4 Nf6 14. c5
c6 15. Qb3 Qc7 16. Rab1 Nd7 17. Nd2 b6 18. cxb6 axb6 19. Rfc1 Bb7 20. a4 Rab8
21. h3 Rfc8 22. Qc2 g6 23. Nb3 Qd8 24. Qe2 Qg5 25. a5 bxa5 26. Nc5 Nxc5 27. Rxc5
Qd8 28. Ra1 Ra8 29. Qd2 a4 30. Qb4 Rcb8 31. Rxa4 Ba6 32. Qa3 Bxd3 33. Rxa8 Rxa8
34. Qxd3 Ra1+ 35. Kh2 Qd6+ 36. f4 Ra7 37. Qc4 Rc7 38. Qc3 h6 39. Ra5 Rc8 40. h4
Qd8 41. Kg3 Qd6 42. Rc5 f6 43. Qc2 Kg7 44. h5 g5 45. Qg6+ Kf8 46. Qxh6+ Ke8 47.
Qxf6 gxf4+ 48. exf4 Kd7 49. Qf7+ Kd8 50. Rg5 {Black resigns} 1-0

[Event "Team 45 45 League T97"]
[Site "Internet Chess Club"]
[Date "2023.09.09"]
[Round "5"]
[White "Fischeresque930"]
[Black "Sandrotov"]
[Result "1-0"]
[WhiteElo "2033"]
[BlackElo "1639"]
[Opening "Queen's pawn, Mason variation"]
[ECO "D00"]
[Time "13:01:05"]
[PlyCount "33"]
[TimeControl "2700+45"]

1. d4 d5 2. Bf4 Nf6 3. e3 e6 4. Nf3 c5 5. c3 Nc6 6. Nbd2 Bd6 7. Ne5 O-O 8. Bd3
c4 9. Bc2 Qc7 10. Ndf3 Nh5 11. Bxh7+ Kh8 12. Ng5 Nf6 13. Nexf7+ Rxf7 14. Nxf7+
Qxf7 15. Bxd6 Kxh7 16. Qc2+ Kg8 17. O-O {Black resigns} 1-0

[Event "Team 45 45 League T97"]
[Site "Internet Chess Club"]
[Date "2023.09.10"]
[Round "5"]
[White "ARMAND02019"]
[Black "stantheman59"]
[Result "1-0"]
[WhiteElo "1598"]
[BlackElo "1106"]
[Opening "Queen's pawn game, Darooha variation "]
[ECO "D02"]
[Time "19:00:51"]
[PlyCount "71"]
[TimeControl "2700+45"]

1. Nf3 d5 2. d4 Nf6 3. Nc3 Bf5 4. g3 e6 5. a3 Nc6 6. Bg2 h6 7. Bf4 Bd6 8. Ne5
Bxe5 9. Bxe5 Nxe5 10. dxe5 Nd7 11. f4 c6 12. e4 Bg6 13. Qd2 Nb6 14. O-O-O Nc4
15. Qf2 Qd7 16. Rhf1 O-O-O 17. Qxa7 Ne3 18. Qxe3 Bh5 19. Ne2 Rhg8 20. exd5 exd5
21. h3 Bg6 22. g4 h5 23. f5 Bh7 24. Nf4 hxg4 25. hxg4 Rde8 26. Rfe1 Re7 27. Qc5
Rge8 28. Nxd5 Kb8 29. Nxe7 Qxe7 30. Qb6 Kc8 31. e6 fxe6 32. Rxe6 Qg5+ 33. Kb1
Rxe6 34. fxe6 Qe7 35. Rd7 Qe8 36. Qxb7# {Black checkmated} 1-0

[Event "Team 45 45 League T97"]
[Site "Internet Chess Club"]
[Date "2023.09.10"]
[Round "5"]
[White "ElValero"]
[Black "KidRattler"]
[Result "1-0"]
[WhiteElo "1696"]
[BlackElo "1647"]
[Opening "Réti v Dutch"]
[ECO "A04"]
[Time "07:41:37"]
[PlyCount "46"]
[TimeControl "2700+45"]

1. Nf3 f5 2. d4 Nf6 3. Nc3 g6 4. h4 e6 5. Bg5 Be7 6. Qd3 d5 7. Ne5 Nbd7 8. O-O-O
Nxe5 9. dxe5 Ne4 10. Bxe7 Qxe7 11. Nxe4 dxe4 12. Qb5+ c6 13. Qb3 Qc5 14. e3 Qxe5
15. f4 exf3 16. gxf3 b6 17. f4 Qe4 18. Rh2 Qf3 19. Bg2 Qg3 20. Bxc6+ Kf7 21. Rg2
Qh3 22. Bxa8 Ba6 23. Rd7+ Kf8 {Black resigns} 1-0

[Event "Team 45 45 League T97"]
[Site "Internet Chess Club"]
[Date "2023.09.09"]
[Round "5"]
[White "fireball"]
[Black "julesraider"]
[Result "1-0"]
[WhiteElo "1542"]
[BlackElo "1627"]
[Opening "Caro-Kann: classical variation"]
[ECO "B18"]
[Time "12:03:01"]
[PlyCount "67"]
[TimeControl "2700+45"]

1. e4 c6 2. d4 d5 3. Nc3 dxe4 4. Nxe4 Bf5 5. Ng3 Bg6 6. Nf3 Nd7 7. Bd3 Bxd3 8.
Qxd3 e6 9. O-O Qc7 10. c4 Ngf6 11. a3 Be7 12. b4 O-O 13. Re1 Rfd8 14. Bb2 a5 15.
Bc3 b6 16. bxa5 bxa5 17. Qc2 Bd6 18. Ne5 c5 19. Nxd7 Nxd7 20. d5 exd5 21. cxd5
Bxg3 22. hxg3 Nb6 23. Be5 Qc8 24. d6 Nd7 25. Bf4 c4 26. Qc3 Qc5 27. Rac1 Rac8
28. Re4 Nf6 29. Rxc4 Qb5 30. Rxc8 Qe8 31. Rxd8 Qxd8 32. Qc8 Qe8 33. Qxe8+ Nxe8
34. d7 {Black resigns} 1-0

[Event "Team 45 45 League T97"]
[Site "Internet Chess Club"]
[Date "2023.09.07"]
[Round "5"]
[White "jjmolina1"]
[Black "vollmerj"]
[Result "0-1"]
[WhiteElo "1471"]
[BlackElo "1556"]
[Opening "Sicilian defense"]
[ECO "B34"]
[Time "06:18:34"]
[PlyCount "26"]
[TimeControl "2700+45"]

1. e4 c5 2. Nf3 Nc6 3. d4 cxd4 4. Nxd4 g6 5. Be3 Bg7 6. Nc3 Nf6 7. f3 O-O 8. Qd2
d5 9. Nxc6 bxc6 10. O-O-O Be6 11. Bh6 dxe4 12. Qxd8 Raxd8 13. Rxd8 Bxh6+ {White
resigns} 0-1

[Event "Team 45 45 League T97"]
[Site "Internet Chess Club"]
[Date "2023.09.08"]
[Round "5"]
[White "smsxman"]
[Black "Gilguli"]
[Result "0-1"]
[WhiteElo "1405"]
[BlackElo "1469"]
[Opening "Réti v Dutch"]
[ECO "A04"]
[Time "11:37:23"]
[PlyCount "98"]
[TimeControl "2700+45"]

1. Nf3 f5 2. d4 g6 3. Nc3 Bg7 4. g3 d6 5. Bg2 e6 6. O-O Ne7 7. a3 O-O 8. Re1 h6
9. e4 fxe4 10. Nxe4 Nbc6 11. c3 Nf5 12. Be3 Qe7 13. Bh3 Nd8 14. Bxf5 gxf5 15.
Ned2 Kh7 16. Qc2 Nf7 17. Nb3 Rg8 18. Bd2 Bf6 19. d5 e5 20. Nfd4 e4 21. Ne2 Ne5
22. Ned4 Rg7 23. Kh1 Qf7 24. c4 Bd7 25. Nc1 Rag8 26. Be3 Ng4 27. Nce2 Qh5 28. h4
Nxe3 29. Nf4 Qg4 30. Rxe3 Bxd4 31. Rxe4 Qf3+ 32. Kh2 fxe4 33. Rf1 Bf5 34. Qe2
Qxe2 35. Nxe2 Be5 36. f4 Bf6 37. Rg1 Bxh4 38. gxh4 Rxg1 39. Nxg1 Rxg1 40. Kxg1
Kg6 41. Kf2 Kh5 42. Kg3 Bg4 43. b4 Be2 44. c5 Bc4 45. c6 b5 46. f5 Bxd5 47. Kf4
Bxc6 48. f6 Kg6 49. h5+ Kxf6 {White resigns} 0-1

[Event "Team 45 45 League T97"]
[Site "Internet Chess Club"]
[Date "2023.09.07"]
[Round "5"]
[White "fhunfi"]
[Black "elmaestro"]
[Result "1/2-1/2"]
[WhiteElo "1673"]
[BlackElo "1588"]
[Opening "Sicilian: chameleon variation"]
[ECO "B23"]
[Time "10:33:53"]
[PlyCount "111"]
[TimeControl "2700+45"]

1. e4 c5 2. Nc3 Nc6 3. Nge2 Nf6 4. d4 cxd4 5. Nxd4 a6 6. Bg5 Qb6 7. Nb3 e6 8.
Be3 Qc7 9. f3 b5 10. Qd2 Bb7 11. Nc5 d6 12. Nxb7 Qxb7 13. a3 Rc8 14. Be2 Be7 15.
O-O O-O 16. Rfd1 Ne5 17. Bd4 Qc6 18. Bxe5 dxe5 19. Qe1 Bc5+ 20. Kh1 Bd4 21. Rd3
Nh5 22. g3 Qc5 23. Rc1 Bf2 24. Qd2 Bd4 25. Nd1 Qe7 26. c3 Bb6 27. Ne3 g6 28. Ng2
Rfd8 29. Rxd8+ Rxd8 30. Qe1 Qc5 31. Rd1 Rxd1 32. Bxd1 Nf6 33. b4 Qd6 34. Be2 Qc6
35. Qd2 Kg7 36. Ne1 Ba7 37. Nd3 Qb6 38. Qc1 Qd6 39. c4 bxc4 40. Qxc4 Qb6 41. Nc5
Nd7 42. Qxa6 Nxc5 43. Qxb6 Bxb6 44. bxc5 Bxc5 45. a4 Bb6 46. Kg2 f5 47. Bc4 Kf6
48. Kf1 g5 49. g4 fxe4 50. fxe4 Ke7 51. Ke2 Kd6 52. Kd3 Ba5 53. Bb5 Kc5 54. Bd7
h6 55. Bxe6 Bb4 56. Bd7 {Game drawn by mutual agreement} 1/2-1/2

[Event "Team 45 45 League T97"]
[Site "Internet Chess Club"]
[Date "2023.09.10"]
[Round "5"]
[White "VicH66"]
[Black "evan7284"]
[Result "0-1"]
[WhiteElo "1271"]
[BlackElo "1613"]
[Opening "Sicilian: closed, 2...Nc6"]
[ECO "B23"]
[Time "15:00:39"]
[PlyCount "84"]
[TimeControl "2700+45"]

1. e4 c5 2. Nc3 Nc6 3. Bb5 Nd4 4. Nf3 Nxb5 5. Nxb5 a6 6. Nc3 g6 7. O-O Bg7 8. d4
cxd4 9. Nxd4 d6 10. Be3 Nf6 11. h3 b5 12. Qd2 Bb7 13. Bh6 O-O 14. Bxg7 Kxg7 15.
Rae1 Qb6 16. Kh1 Kg8 17. a4 b4 18. Nd5 Nxd5 19. exd5 Rfe8 20. Nf3 Qc5 21. Qh6
Qxd5 22. Rd1 Qh5 23. Qxh5 gxh5 24. Nd4 Rac8 25. Rd2 Rc5 26. Kg1 Rec8 27. Rc1 Kf8
28. Nb3 Rg5 29. g3 h4 30. g4 h5 31. Rd4 a5 32. Kh2 hxg4 33. hxg4 Re5 34. Kh3 Kg7
35. Rf4 Re4 36. Rxe4 Bxe4 37. Kxh4 Rxc2 38. Rxc2 Bxc2 39. Nxa5 Bxa4 40. g5 Kg6
41. f4 Kf5 42. Kg3 d5 {White resigns} 0-1

[Event "Team 45 45 League T97"]
[Site "Internet Chess Club"]
[Date "2023.09.10"]
[Round "5"]
[White "BIRDSMAN"]
[Black "Manch"]
[Result "1/2-1/2"]
[WhiteElo "1329"]
[BlackElo "1353"]
[Opening "Queen's pawn game, Chigorin variation"]
[ECO "D02"]
[Time "16:30:54"]
[PlyCount "60"]
[TimeControl "2700+45"]

1. d4 d5 2. Nf3 Nc6 3. e3 Bf5 4. Bd3 Bg4 5. c3 e5 6. dxe5 Nxe5 7. Be2 Nxf3+ 8.
Bxf3 Bxf3 9. Qxf3 Nf6 10. Nd2 Bd6 11. O-O O-O 12. Rd1 c6 13. Re1 Qc7 14. h3 Rad8
15. c4 Rfe8 16. cxd5 Nxd5 17. a3 Bc5 18. Nb3 Bb6 19. Bd2 Nf6 20. Rad1 Ne4 21.
Bc1 Rxd1 22. Rxd1 a5 23. Nd4 Bxd4 24. Rxd4 Nf6 25. Qd1 h6 26. Qc2 Qe5 27. Bd2 c5
28. Rc4 b6 29. Bc3 Qe6 30. Bxf6 Qxf6 {Game drawn by mutual agreement} 1/2-1/2

[Event "Team 45 45 League T97"]
[Site "Internet Chess Club"]
[Date "2023.09.10"]
[Round "5"]
[White "oldprez1"]
[Black "sdcohle"]
[Result "0-1"]
[WhiteElo "1250"]
[BlackElo "1342"]
[Opening "Réti: King's Indian attack"]
[ECO "A07"]
[Time "18:30:18"]
[PlyCount "136"]
[TimeControl "2700+45"]

1. Nf3 d5 2. g3 g6 3. Bg2 Bg7 4. O-O c6 5. d3 e6 6. Nbd2 Ne7 7. e4 Qc7 8. Rb1
O-O 9. b3 Nd7 10. Ba3 Re8 11. h3 c5 12. c4 b6 13. Re1 Bb7 14. Bb2 d4 15. Nh2 Ne5
16. Ndf3 N7c6 17. Nxe5 Nxe5 18. Nf3 f5 19. Nxe5 Bxe5 20. f4 Bd6 21. Qd2 fxe4 22.
dxe4 e5 23. f5 gxf5 24. Qg5+ Qg7 25. Qxf5 Qxg3 26. Rf1 Qg7 27. Qf6 Qxf6 28. Rxf6
Bf8 29. Rbf1 Re7 30. Bc1 Bg7 31. R6f5 Rf8 32. Bg5 Ref7 33. Rxf7 Rxf7 34. Bd8
Rxf1+ 35. Kxf1 Kf7 36. Ke2 Bf6 37. Bc7 Ke7 38. Bb8 a6 39. Ba7 b5 40. Bxc5+ Ke6
41. cxb5 axb5 42. Kd3 Bg5 43. Bf3 h6 44. Bg4+ Kf7 45. Bd7 Ba6 46. a4 bxa4+ 47.
Kc2 d3+ 48. Kd1 axb3 49. Ba3 Bc4 50. Bb2 Bf4 51. h4 Kf6 52. Be8 Be3 53. Ba3 Bd4
54. Kc1 b2+ 55. Bxb2 Bxb2+ 56. Kxb2 Ke6 57. Kc1 Kd6 58. Kd2 Kc5 59. Bh5 Kd4 60.
Bg6 Bb5 61. Bf5 Bc6 62. Bg6 Bxe4 63. Bxe4 Kxe4 64. h5 Kd4 65. Kd1 e4 66. Kd2 e3+
67. Kd1 Kc3 68. Ke1 Kc2 {White resigns} 0-1

[Event "Team 45 45 League T97"]
[Site "Internet Chess Club"]
[Date "2023.09.07"]
[Round "5"]
[White "Gojira"]
[Black "Sandrotov"]
[Result "1-0"]
[WhiteElo "1628"]
[BlackElo "1642"]
[Opening "Queen's pawn: Chigorin variation"]
[ECO "D00"]
[Time "21:00:20"]
[PlyCount "41"]
[TimeControl "2700+45"]

1. d4 d5 2. Nc3 Nf6 3. Bf4 a6 4. e3 e6 5. Nf3 Bd6 6. Ne5 O-O 7. Bd3 c5 8. dxc5
Bxc5 9. Ne2 b5 10. Nd4 Bb7 11. Qe2 Ne4 12. Qg4 Qa5+ 13. c3 Bxd4 14. exd4 f5 15.
Qh4 Nf6 16. O-O Nc6 17. f3 Rac8 18. g4 fxg4 19. Nxg4 Qd8 20. Nxf6+ Qxf6 21. Bg5
{Black resigns} 1-0

[Event "Team 45 45 League T97"]
[Site "Internet Chess Club"]
[Date "2023.09.07"]
[Round "5"]
[White "QuieroAprender"]
[Black "Rookmaster"]
[Result "0-1"]
[WhiteElo "1568"]
[BlackElo "1562"]
[Opening "Queen's Pawn"]
[ECO "A41"]
[Time "22:02:42"]
[PlyCount "68"]
[TimeControl "2700+45"]

1. d4 d6 2. Nf3 Nf6 3. Bf4 Nbd7 4. Nbd2 g6 5. e3 Nh5 6. Bg5 h6 7. Bh4 g5 8. Bg3
Nxg3 9. hxg3 Bg7 10. c3 Nf6 11. Bd3 c6 12. Qb3 b5 13. Ne4 a5 14. a4 Be6 15. Qc2
Bc4 16. axb5 Bxb5 17. Nxf6+ Bxf6 18. c4 Ba6 19. Qa4 Bb7 20. Be4 Qc7 21. d5 Bxb2
22. dxc6 Ba6 23. Nxg5 hxg5 24. Rxh8+ Bxh8 25. Rb1 Bc3+ 26. Ke2 Bb4 27. Rh1 Bxc4+
28. Kf3 O-O-O 29. Rb1 d5 30. Bc2 g4+ 31. Kxg4 Be2+ 32. f3 Rg8+ 33. Kh4 Qxg3+ 34.
Kh5 Qg5# {White checkmated} 0-1

[Event "Team 45 45 League T97"]
[Site "Internet Chess Club"]
[Date "2023.09.09"]
[Round "5"]
[White "trogers41"]
[Black "kabindra"]
[Result "1-0"]
[WhiteElo "1466"]
[BlackElo "1648"]
[Opening "Ruy Lopez: Schliemann defense, Berger variation"]
[ECO "C63"]
[Time "16:00:48"]
[PlyCount "73"]
[TimeControl "2700+45"]

1. e4 e5 2. Nf3 Nc6 3. Bb5 f5 4. Nc3 fxe4 5. Nxe4 d5 6. Nxe5 dxe4 7. Qh5+ g6 8.
Nxg6 Nf6 9. Qe5+ Be7 10. Nxh8 Kf8 11. Bxc6 bxc6 12. b3 Kg7 13. Bb2 Kxh8 14. Qxe4
Kg8 15. Qc4+ Qd5 16. Qxd5+ cxd5 17. O-O-O Ne4 18. Rhf1 Ba6 19. d3 Nd6 20. Rde1
Bg5+ 21. f4 Bh6 22. Re6 Bf8 23. g3 Bc8 24. Re5 c6 25. f5 Bh6+ 26. Kb1 Nf7 27.
Re8+ Bf8 28. Ba3 Bb7 29. Rxa8 Bxa8 30. Bxf8 Kxf8 31. d4 h5 32. Re1 Bb7 33. Re6
a5 34. Kb2 Kg7 35. Ka3 Nd8 36. Rg6+ Kh7 37. Rd6 {Black resigns} 1-0

[Event "Team 45 45 League T97"]
[Site "Internet Chess Club"]
[Date "2023.09.10"]
[Round "5"]
[White "NATYNL09"]
[Black "CMAlge"]
[Result "0-1"]
[WhiteElo "1152"]
[BlackElo "1420"]
[Opening "Caro-Kann: exchange variation"]
[ECO "B13"]
[Time "12:01:05"]
[PlyCount "46"]
[TimeControl "2700+45"]

1. e4 c6 2. d4 d5 3. exd5 cxd5 4. Nc3 Nf6 5. Nf3 Bf5 6. Bb5+ Bd7 7. Bxd7+ Qxd7
8. O-O Nc6 9. Bf4 e6 10. Qd3 Bd6 11. Bg3 Bxg3 12. fxg3 h6 13. Ne5 Qd8 14. Rae1
Nxe5 15. dxe5 Nd7 16. Qf3 O-O 17. Qh5 b5 18. Nxb5 Qb6+ 19. Kh1 Qxb5 20. b3 Rac8
21. Rc1 Rxc2 22. Ra1 Rxa2 23. Rab1 Qe2 {White resigns} 0-1

[Event "Team 45 45 League T97"]
[Site "Internet Chess Club"]
[Date "2023.09.10"]
[Round "5"]
[White "clarinetref"]
[Black "Lawkeito"]
[Result "0-1"]
[WhiteElo "1519"]
[BlackElo "1784"]
[Opening "Sicilian defense"]
[ECO "B20"]
[Time "19:01:36"]
[PlyCount "66"]
[TimeControl "2700+45"]

1. e4 c5 2. b3 e5 3. Bb2 d6 4. g3 Nc6 5. Bg2 g6 6. Ne2 Bg7 7. O-O Nge7 8. Na3
O-O 9. c3 Bd7 10. h3 f5 11. Kh2 f4 12. gxf4 exf4 13. f3 g5 14. Nc4 Qc7 15. d4 b5
16. Na3 a6 17. Rb1 Rad8 18. Qc2 Ng6 19. dxc5 dxc5 20. Rbd1 Be6 21. Rxd8 Rxd8 22.
Rd1 h5 23. Rxd8+ Qxd8 24. c4 b4 25. Nb1 g4 26. fxg4 hxg4 27. hxg4 Qh4+ 28. Kg1
Bxg4 29. Bxg7 Kxg7 30. Qd2 f3 31. Bxf3 Bxf3 32. Qd7+ Nce7 33. Qd3 Qe1+ {White
resigns} 0-1

[Event "Team 45 45 League T97"]
[Site "Internet Chess Club"]
[Date "2023.09.11"]
[Round "5"]
[White "manfredo"]
[Black "garytd"]
[Result "1/2-1/2"]
[WhiteElo "1561"]
[BlackElo "1414"]
[Opening "Sicilian: Grand Prix attack, Schofman variation"]
[ECO "B23"]
[Time "18:00:48"]
[PlyCount "56"]
[TimeControl "2700+45"]

1. e4 c5 2. Nc3 g6 3. f4 Bg7 4. Nf3 Nc6 5. Bc4 e6 6. f5 Nge7 7. fxe6 dxe6 8. d3
O-O 9. O-O Na5 10. Bb3 Nxb3 11. axb3 a6 12. e5 Nc6 13. Qe1 Nd4 14. Nxd4 Qxd4+
15. Kh1 Qxe5 16. Ne4 f5 17. Ng5 Qxe1 18. Rxe1 Re8 19. c3 h6 20. Nf3 e5 21. Bf4
e4 22. Re3 Bd7 23. Nd2 Bc6 24. dxe4 fxe4 25. Rae1 Bd5 26. Nxe4 Bxe4 27. Rxe4
Rxe4 28. Rxe4 Rd8 {Game drawn by mutual agreement} 1/2-1/2

[Event "Team 45 45 League T97"]
[Site "Internet Chess Club"]
[Date "2023.09.09"]
[Round "5"]
[White "Electryon"]
[Black "fvafier"]
[Result "1/2-1/2"]
[WhiteElo "1588"]
[BlackElo "1476"]
[Opening "French: Two knights variation"]
[ECO "C00"]
[Time "12:00:36"]
[PlyCount "79"]
[TimeControl "2700+45"]

1. e4 e6 2. Nf3 d5 3. Nc3 Bb4 4. exd5 exd5 5. a3 Bxc3 6. dxc3 Nf6 7. Bg5 c6 8.
Be2 O-O 9. O-O h6 10. Bh4 Bf5 11. Qd2 Nbd7 12. Rad1 Qb6 13. b4 Ne4 14. Qd4 Rad8
15. Qxb6 Nxb6 16. Bxd8 Nxc3 17. Bd3 Bxd3 18. Rxd3 Ne2+ 19. Kh1 Rxd8 20. Re1 Nf4
21. Rde3 Ne6 22. Nd2 Nc8 23. Nb3 b6 24. Rd1 Nd6 25. Nd4 Nc4 26. Nxe6 Nxe3 27.
Nxd8 Nxd1 28. Nxc6 Nxf2+ 29. Kg1 Ne4 30. Ne7+ Kf8 31. Nxd5 Ke8 32. Kf1 Kd7 33.
Ke2 Kd6 34. c4 f5 35. Ke3 Ke5 36. Ne7 f4+ 37. Kd3 Nf2+ 38. Kc3 Ne4+ 39. Kd3 Nf2+
40. Kc3 {Game drawn by mutual agreement} 1/2-1/2